 Dungeon Crawl Stone Soup version 0.28-a0-476-g0f06bd746f (webtiles) character file.

Game seed: 10152483667825558881

676 Gwenloh the Covert (level 7, -7/36 HPs)
             Began as a Spriggan Brigand on Sept 17, 2021.
             Mangled by a hornet zombie (8 damage)
             ... on level 5 of the Dungeon.
             The game lasted 00:17:25 (6135 turns).

Gwenloh the Covert (Spriggan Brigand)               Turns: 6135, Time: 00:17:25

Health: -7/36      AC:  7    Str:  7    XL:     7   Next: 33%
Magic:  8/8        EV: 20    Int: 12    God:
Gold:   173        SH:  0    Dex: 19    Spells: 6/6 levels left

rFire   . . .      SeeInvis +   a - +2 dagger
rCold   . . .      Faith    .   (shield restricted)
rNeg    . . .      Spirit   .   f - +0 robe
rPois   .          Reflect  .   (helmet restricted)
rElec   .          Harm     .   c - +0 cloak
rCorr   .          Rampage  .   (gloves unavailable)
Will    +....                   (boots unavailable)
Stlth   +++++.....              (no amulet)
HPRegen 0.12/turn               g - +4 ring of protection
MPRegen 0.11/turn               (no ring)

@: very quick
A: very small, no large weapons, unfitting armour, see invisible, speed 3
a: no special abilities


You were on level 5 of the Dungeon.
You visited 1 branch of the dungeon, and saw 5 of its levels.

You collected 173 gold pieces.

Inventory:

Hand Weapons
 a - a +2 dagger (weapon)
 b - a +0 hunting sling
 s - a +0 rapier
Missiles
 d - 4 poisoned darts (quivered)
 e - a curare-tipped dart
 l - 38 sling bullets
Armour
 c - a +0 cloak (worn)
 f - a +0 robe (worn)
Jewellery
 g - a +4 ring of protection (left hand)
Wands
 n - a wand of iceblast (5)
Scrolls
 i - 2 scrolls of identify {unknown}
 j - 2 scrolls of blinking {unknown}
 k - a scroll of brand weapon {unknown}
 p - a scroll of teleportation {unknown}
 q - a scroll of holy word {unknown}
 t - a scroll of torment {unknown}
 u - a scroll of amnesia {unknown}
 y - 3 scrolls of magic mapping {unknown}
Potions
 h - a potion of lignification {unknown}
 m - a potion of might {unknown}
 o - a potion of degeneration {unknown}
 r - 3 potions of curing {unknown}
 v - a potion of berserk rage {unknown}
 w - a potion of heal wounds {unknown}
 x - a potion of flight {unknown}
 z - a potion of resistance {unknown}


   Skills:
 + Level 3.2 Fighting
 + Level 4.4 Short Blades
 - Level 2.0 Throwing
 + Level 4.8 Dodging
 * Level 9.8 Stealth


You had 6 spell levels left.
You didn't know any spells.
Your spell library contained the following spells:

 Spells                   Type           Power      Damage    Failure   Level
 Beastly Appendage        Tmut           0%         N/A       32%         1
 Sting                    Tmut/Pois      0%         1d3       32%         1
 Ensorcelled Hibernation  Hex/Ice        0%         N/A       45%         2
 Poisonous Vapours        Pois/Air       0%         N/A       45%         2
 Slow                     Hex            0%         N/A       45%         2
 Wereblood                Tmut           0%         N/A       45%         2
 Confusing Touch          Hex            0%         N/A       69%         3
 Spider Form              Tmut/Pois      0%         N/A       69%         3
 Tukima's Dance           Hex            0%         N/A       69%         3
 Vampiric Draining        Necr           0%         2d6       69%         3
 Olgreb's Toxic Radiance  Pois           0%         N/A       97%         4
 Summon Ice Beast         Ice/Summ       0%         N/A       97%         4
 Summon Mana Viper        Hex/Summ       0%         N/A       100%        5
 Monstrous Menagerie      Summ           0%         N/A       100%        7


Dungeon Overview and Level Annotations

Branches:
Dungeon (5/15)
 Temple: D:4-7

Altars:
Hepliaklqana
Makhleb


Innate Abilities, Weirdness & Mutations

You are very small and have problems with some larger weapons.
You are too small for most types of armour.
You have supernaturally acute eyesight. (SInv)
You cover ground extremely quickly. (Speed+++)


Message History

The hornet zombie closely misses you.
You barely miss the hornet zombie.
The hornet zombie is heavily damaged.
The hornet zombie hits you!
You hit the hornet zombie but do no damage.
The hornet zombie is heavily damaged.
The hornet zombie misses you.
You hit the hornet zombie.
The hornet zombie is heavily damaged.
The hornet zombie hits you but does no damage.
You hit the hornet zombie but do no damage.
The hornet zombie is heavily damaged.
The hornet zombie completely misses you.
You hit the hornet zombie but do no damage.
The hornet zombie is heavily damaged.
The hornet zombie misses you.
You barely miss the hornet zombie.
The hornet zombie is heavily damaged.
The hornet zombie hits you.
You hit the hornet zombie.
The hornet zombie is heavily damaged.
The hornet zombie misses you.
You hit the hornet zombie.
The hornet zombie is heavily damaged.
The hornet zombie completely misses you.
You hit the hornet zombie.
The hornet zombie is heavily damaged.
The hornet zombie hits you.
* * * LOW HITPOINT WARNING * * *
You hit the hornet zombie.
The hornet zombie is heavily damaged.
The hornet zombie hits you.
* * * LOW HITPOINT WARNING * * *
You hit the hornet zombie.
The hornet zombie is severely damaged.
The hornet zombie closely misses you.
You hit the hornet zombie.
The hornet zombie is severely damaged.
The hornet zombie hits you!
You die...

................
................
##########'#######
#.................
#.##'#############
#.#.... #.+.####
#.#. #@#. #Z#.
#.#. #.# #.# #.#
#.# #.#


You could see a hornet zombie.

Vanquished Creatures
  An ogre (D:4)
  Blork the orc (D:4)
  2 scorpions
  3 orc priests
  2 hounds
  Jessica (D:2)
  Natasha (thrice) (D:4)
  An orc wizard (D:5)
  A hound skeleton (D:5)
  3 adders
  An ufetubus (D:4)
  2 adder skeletons (D:4)
  A worm (D:4)
  2 dart slugs
  15 orcs
  5 ball pythons
  8 endoplasms
  2 giant cockroaches (D:2)
  6 hobgoblins
  2 jackals
  A quokka (D:2)
  4 bats
  2 frilled lizards (D:1)
  3 goblins
  5 kobolds
  6 rats
83 creatures vanquished.

Notes
Turn   | Place    | Note
-------+----------+-------------------------------------------
     0 | D:1      | Gwenloh the Spriggan Brigand began the quest for the Orb.
     0 | D:1      | Reached XP level 1. HP: 10/10 MP: 2/2
   109 | D:1      | Reached skill level 6 in Stealth
   165 | D:1      | Reached XP level 2. HP: 15/15 MP: 3/3
  1158 | D:2      | Noticed Jessica
  1165 | D:2      | Killed Jessica
  1166 | D:2      | Reached XP level 3. HP: 18/18 MP: 4/4
  1393 | D:2      | Found a faded altar of an unknown god.
  1408 | D:2      | Reached skill level 7 in Stealth
  1567 | D:2      | Reached XP level 4. HP: 11/23 MP: 5/5
  2023 | D:3      | Noticed a sky beast
  2752 | D:3      | Found a burning altar of Makhleb.
  2752 | D:3      | Noticed a green death
  3283 | D:3      | Found a hazy altar of Hepliaklqana.
  3762 | D:4      | Reached XP level 5. HP: 27/27 MP: 6/6
  3837 | D:4      | Noticed Blork the orc
  3844 | D:4      | Killed Blork the orc
  3845 | D:4      | Reached skill level 8 in Stealth
  4049 | D:4      | Reached XP level 6. HP: 32/32 MP: 7/7
  4083 | D:4      | Noticed Natasha
  4110 | D:4      | Killed Natasha
  4561 | D:4      | Noticed Natasha
  4698 | D:4      | Killed Natasha
  4699 | D:4      | Reached skill level 9 in Stealth
  4822 | D:4      | Noticed Natasha
  4844 | D:4      | Killed Natasha
  5022 | D:5      | Entered Level 5 of the Dungeon
  5136 | D:4      | Reached XP level 7. HP: 34/36 MP: 8/8
  5284 | D:5      | Noticed a two-headed ogre
  6133 | D:5      | HP: 1/36 [hornet zombie (6)]
  6135 | D:5      | Mangled by a hornet zombie

Illustrated notes

Levels and vault maps discovered:
D:1:      ncdulo_smallfort, layout_loops_ring
D:2:      layout_rooms, dreamdust_ecumenical_altar_sealed_demon, uniq_jessica
D:3:      layout_loops_ring, worldfamousw_hep_ancestral_shrine,
          makhleb_altar_promises_db
D:4:      layout_basic, uniq_blork_the_orc, uniq_natasha
D:5:      layout_basic, uniq_sigmund, uniq_pikel, uniq_grinder

Skill      XL: |  1  2  3  4  5  6 |
---------------+-------------------+-----
Stealth        | 6 7 8 9 |  9.8
Dodging        | 2 3 4 |  4.8
Fighting       | 2 3 |  3.2
Short Blades   | 3 4 |  4.4
Throwing       | |  2.0

Action                   |  1- 3 |  4- 6 |  7- 9 || total
-------------------------+-------+-------+-------++-------
Melee: Dagger            |    78 |   194 |   100 ||   372
 Fire: Hunting sling     |    17 |     7 |    34 ||    58
Throw: Dart              |     3 |    18 |       ||    21
 Stab: Sleeping          |    12 |    12 |     2 ||    26
       Distracted        |     1 |       |       ||     1
Armor: Robe              |    17 |    24 |    20 ||    61
Dodge: Dodged            |    75 |   136 |    65 ||   276

Table legend: (Time is in decaauts)
 A = Elapsed time spent in this place.
 B = Non-inter-level travel time spent in this place.
 C = Inter-level travel time spent in this place.
 D = Time resting spent in this place.
 E = Time spent auto-exploring this place.
 F = Levels seen in this place.
 G = Mean time per level.
                   A        B        C        D        E       F      G
               +--------+--------+--------+--------+--------+-----+--------+
         Total |   4716 |   4518 |    198 |   1173 |   2053 |   5 |  943.2 |
       Dungeon |   4716 |   4518 |    198 |   1173 |   2053 |   5 |  943.2 |
               +--------+--------+--------+--------+--------+-----+--------+

Top non-repeatable levels by time:
     D:4: 1583 daAuts
     D:2: 951 daAuts
     D:1: 921 daAuts
     D:3: 670 daAuts
     D:5: 590 daAuts
